 Dungeon Crawl Stone Soup version 0.28-a0-1524-ge72afd5fc6 (webtiles) character file.

Game seed: 7226830523818958621

2494 HallandMoats the Skirmisher (level 9, -2/71 HPs)
             Began as a Demonspawn Fighter on Jan 18, 2022.
             Was a Believer of Okawaru.
             Slain by a fire elemental (10 damage)
             ... created by the fiery vengeance of Ignis
             ... on level 7 of the Dungeon.
             The game lasted 00:10:55 (6531 turns).

HallandMoats the Skirmisher (Demonspawn Fighter)    Turns: 6531, Time: 00:10:56

Health: -2/71      AC: 15    Str: 22    XL:     9   Next: 28%
Magic:  21/21      EV: 12    Int:  9    God:    Okawaru [**....]
Gold:   305        SH:  6    Dex: 12    Spells: 8/8 levels left

rFire   . . .      SeeInvis .   a - +1 hand axe (elec)
rCold   + . .      Faith    .   c - +1 buckler
rNeg    . . .      Spirit   .   d - +5 ring mail of Riama {MP+9 Slay+3}
rPois   .          Reflect  .   (helmet restricted)
rElec   .          Harm     .   u - +0 cloak
rCorr   .          Rampage  .   (no gloves)
Will    .....                   (no boots)
Stlth   +.........              (no amulet)
HPRegen 0.21/turn               n - ring of protection from cold
MPRegen 0.17/turn               (no ring)

@: about to teleport, slowed, fire susceptible, very slow
A: antennae 1, icy blue scales 2, (demonic guardian 2)
a: Renounce Religion, Heroism


You were on level 7 of the Dungeon.
You worshipped Okawaru.
Okawaru was pleased with you.
You visited 2 branches of the dungeon, and saw 8 of its levels.
You also visited: Ossuary.

You collected 305 gold pieces.

Inventory:

Hand Weapons
 a - a +1 hand axe of electrocution (weapon)
Armour
 c - a +1 buckler (worn)
 d - the +5 ring mail of Riama (worn) {MP+9 Slay+3}
   (You took it off a kobold on level 3 of the Dungeon)

   Slay:      It affects your accuracy & damage with ranged weapons and melee
   (+3).
   MP:        It affects your magic capacity (+9).
 q - a scarf of harm
 u - a +0 cloak (worn)
Jewellery
 n - a ring of protection from cold (left hand)
Scrolls
 e - a scroll of brand weapon
 g - a scroll of fear
 k - 2 scrolls of identify
 l - 5 scrolls of teleportation
 r - 2 scrolls of fog {unknown}
 s - a scroll of immolation {unknown}
 w - 4 scrolls of enchant armour
Potions
 b - 3 potions of curing {unknown}
 f - 2 potions of invisibility
 h - a potion of ambrosia {unknown}
 j - 2 potions of mutation {unknown}
 m - a potion of cancellation {unknown}
 o - 3 potions of flight {unknown}
 p - 3 potions of heal wounds {unknown}
 t - a potion of berserk rage {unknown}
 v - 2 potions of might


   Skills:
 * Level 6.4 Fighting
 * Level 6.2 Axes
 + Level 4.9 Armour
 + Level 4.0 Dodging
 + Level 4.9 Shields
 * Level 5.1 Invocations


You had 8 spell levels left.
You didn't know any spells.
Your spell library contained the following spells:

 Spells                   Type           Power      Damage    Failure   Level
 Dazzling Flash           Conj/Hex       0%         N/A       94%         3
 Gell's Gravitas          Tloc           0%         N/A       94%         3
 Lesser Beckoning         Tloc           0%         N/A       94%         3
 Stone Arrow              Conj/Erth      0%         3d7       94%         3
 Teleport Other           Tloc           0%         N/A       94%         3
 Agony                    Necr           0%         N/A       100%        5
 Silence                  Hex/Air        0%         N/A       100%        5
 Lehudib's Crystal Spear  Conj/Erth      0%         10d2      100%        8
 Animate Armour           Summ/Erth      Unusable   N/A       N/A         4

Dungeon Overview and Level Annotations

Branches:
Dungeon (6/15)             Temple (1/1) D:4         Ossuary (visited)

Altars:
Ashenzari
Cheibriados
Dithmenos
Elyvilon
Fedhas
Gozag
Hepliaklqana
Kikubaaqudgha
Makhleb
Nemelex Xobeh
Okawaru
Ru
Sif Muna
Trog
Uskayaw
Vehumet
Wu Jian
Xom
Yredelemnul
Zin
The Shining One
Ignis

Shops:
D:1 *   D:2 ?

Annotations:
D:6 1 runed translucent door, Crazy Yiuf


Innate Abilities, Weirdness & Mutations

You have a pair of small antennae on your head.
You are mostly covered in icy blue scales. (AC +3)
((A demonic guardian rushes to your aid.))


Message History

There are monsters nearby!
Things that are here:
a +0 hand axe; an orc corpse
Items here: )) [[.
The fire elemental barely misses you. The fire elemental hits you.
The fire elemental burns you! The fire elemental closely misses you.
You slash the fire elemental!
The fire elemental is moderately damaged.
You closely miss the fire elemental. You block the fire elemental's attack.
The fire elemental hits you. The fire elemental burns you!
You hit the fire elemental.
The fire elemental is moderately damaged.
You barely miss the fire elemental. The fire elemental misses you.
You block the fire elemental's attack. The fire elemental hits you.
The fire elemental burns you! The fire elemental misses you.
You hit the fire elemental.
The fire elemental is moderately damaged.
You hit the fire elemental but do no damage.
The fire elemental hits you. The fire elemental burns you!
The fire elemental barely misses you.
You closely miss the fire elemental.
The fire elemental is moderately damaged.
You hit the fire elemental. The fire elemental hits you.
The fire elemental burns you! The fire elemental hits you.
The fire elemental burns you!
* * * LOW HITPOINT WARNING * * *
The fire elemental completely misses you.
The fire elemental closely misses you.
As you read the scroll of teleportation, it crumbles to dust.
You feel strangely unstable.
You feel like a meek peon again. The fire elemental hits you.
The fire elemental burns you!
* * * LOW HITPOINT WARNING * * *
You block the fire elemental's attack. The fire elemental misses you.
The fire elemental hits you. The fire elemental burns you!
* * * LOW HITPOINT WARNING * * *
The fire elemental misses you. The fire elemental barely misses you.
The fire elemental hits you. The fire elemental burns you!
You die...

##.# .....
#..##.....
##.........
#).....##..
##).○.......
##○○##..#....
#.☼○##.###...
##EE.........
#.@.#..... .
#....##....
#...## ...#
##... ..##
#... ##...
####


You could see 2 fire elementals.

Vanquished Creatures
  Grinder (D:3)
  Eustachio (D:6)
  An orc warrior (D:7)
  2 ogres (D:6)
  3 ice beasts
  A necrophage (D:6)
  A centaur (D:5)
  A sky beast (D:4)
  2 kobold brigands
  Blork the orc (D:6)
  2 elf zombies (Ossuary)
  A scorpion (D:6)
  A water moccasin skeleton (D:4)
  A howler monkey (D:6)
  4 centaur zombies
  2 human zombies (Ossuary)
  3 jellies
  2 orc priests
  An iguana (D:6)
  A scorpion zombie (D:5)
  5 orc wizards
  A hound skeleton (D:4)
  2 mummies (Ossuary)
  Robin (D:3)
  4 gnolls
  A howler monkey skeleton (D:6)
  7 adders
  A shadow imp (D:5)
  2 white imps
  An adder skeleton (D:4)
  3 dart slugs
  17 orcs
  9 endoplasms
  6 giant cockroaches
  13 goblins
  11 hobgoblins
  3 jackals (D:1)
  30 kobolds
  7 quokkas
  9 ball pythons
  6 bats
  3 frilled lizards
  A goblin zombie (Ossuary)
  7 hobgoblin zombies (Ossuary)
  8 kobold zombies (Ossuary)
  12 orc zombies (Ossuary)
  8 rats
  A rat zombie (Ossuary)
211 creatures vanquished.

Vanquished Creatures (collateral kills)
  A goblin (D:4)
1 creature vanquished.

Vanquished Creatures (others)
  An orc wizard (D:6)
  14 plants
15 creatures vanquished.

Grand Total: 227 creatures vanquished

Notes
Turn   | Place    | Note
-------+----------+-------------------------------------------
     0 | D:1      | HallandMoats the Demonspawn Fighter began the quest for the
                  | Orb.
     0 | D:1      | Reached XP level 1. HP: 18/18 MP: 1/1
   218 | D:1      | Gained mutation: You are partially covered in icy blue
                  | scales. (AC +2) [demonic ancestry]
   218 | D:1      | Reached XP level 2. HP: 10/24 MP: 2/2
   422 | D:1      | Found Qieveom's General Store.
   731 | D:1      | Found a faded altar of an unknown god.
   740 | D:1      | Reached XP level 3. HP: 29/29 MP: 3/3
   748 | D:1      | Prayed at the altar of an unknown god.
   748 | D:1      | Became a worshipper of Ignis, the Dying Flame
  1017 | D:2      | Found Faroiheg's Magic Scroll Emporium.
  1022 | D:2      | Reached skill level 1 in Dodging
  1283 | D:2      | Reached XP level 4. HP: 34/35 MP: 4/4
  1900 | D:3      | Noticed Robin
  1911 | D:3      | Killed Robin
  2141 | D:3      | Identified the +5 ring mail of Riama {MP+9 Slay+3}
  2286 | D:3      | Noticed Grinder
  2450 | D:3      | Paralysed by Grinder for 4 turns
  2454 | D:3      | Killed Grinder
  2455 | D:3      | Gained mutation: A weak demonic guardian rushes to your
                  | aid. [demonic ancestry]
  2455 | D:3      | Reached XP level 5. HP: 18/42 MP: 5/5
  2455 | D:3      | Reached XP level 6. HP: 21/48 MP: 6/6
  3317 | D:4      | Found a staircase to the Ecumenical Temple.
  3716 | D:4      | Gained mutation: A demonic guardian rushes to your aid.
                  | [demonic ancestry]
  3716 | D:4      | Reached XP level 7. HP: 54/54 MP: 7/7
  4403 | D:5      | Entered Level 5 of the Dungeon
  4900 | D:5      | Reached skill level 5 in Axes
  5026 | D:5      | Reached skill level 5 in Fighting
  5146 | Temple   | Entered the Ecumenical Temple
  5304 | Temple   | Fell from the grace of Ignis
  5304 | Temple   | Became a worshipper of Warmaster Okawaru
  5383 | D:6      | Reached skill level 1 in Invocations
  5383 | D:6      | Gained mutation: You are mostly covered in icy blue scales.
                  | (AC +3) [demonic ancestry]
  5383 | D:6      | Reached XP level 8. HP: 62/62 MP: 8/8
  5558 | D:6      | Noticed Blork the orc
  5570 | D:6      | Killed Blork the orc
  5613 | D:6      | Reached * piety under Okawaru
  5845 | D:6      | Found a sand-covered staircase.
  5868 | Ossuary  | Entered an ossuary
  6226 | D:6      | Noticed Eustachio
  6265 | D:6      | Killed Eustachio
  6266 | D:6      | Gained mutation: You have a pair of small antennae on your
                  | head. [demonic ancestry]
  6266 | D:6      | Reached XP level 9. HP: 61/69 MP: 12/12
  6342 | D:6      | Reached ** piety under Okawaru
  6380 | D:6      | Found a runed translucent door.
  6381 | D:6      | Noticed Crazy Yiuf
  6501 | D:6      | You fall into a shaft and drop 1 floor!
  6506 | D:7      | Reached skill level 5 in Invocations
  6531 | D:7      | Slain by a fire elemental

Illustrated notes

Levels and vault maps discovered:
D:1:      onia_arrival_handbag, layout_basic, shapermc_ecumenical_altar_pompeii,
          serial_shops, shop_statue
D:2:      layout_basic, serial_bayou, serial_bayou_crossing,
          serial_bayou_pond_d, serial_bayou_lagoon_b, serial_bayou_lagoon_a,
          serial_bayou_pond_e, serial_shops, nicolae_shop_stone
D:3:      layout_basic, uniq_robin, uniq_grinder
D:4:      kennysheep_kobold_camp, layout_basic, minmay_temple_entry_offerings
D:5:      layout_loops_cross
D:6:      layout_rooms, chequers_ossuary_entry_cave, uniq_blork_the_orc,
          uniq_crazy_yiuf_cottage, uniq_eustachio
D:7:      layout_cave_pools
Temple:   kilobyte_greek_temple

Skill      XL: |  1  2  3  4  5  6  7  8  9 |
---------------+----------------------------+-----
Axes           | 2 3 4 5 6 |  6.2
Armour         | 3 4 |  4.9
Dodging        | 1 2 3 4 |  4.0
Shields        | 3 4 |  4.9
Fighting       | 4 5 6 |  6.4
Invocations    | 1 4 5 |  5.1

Action                   |  1- 3 |  4- 6 |  7- 9 || total
-------------------------+-------+-------+-------++-------
Melee: War axe           |   106 |    57 |       ||   163
       Hand axe          |       |    91 |   269 ||   360
Invok: Heroism           |       |       |     2 ||     2
  Use: Potion            |       |     1 |       ||     1
       Scroll            |       |       |     9 ||     9
Armor: Scale mail        |    69 |    42 |       ||   111
       Ring mail         |       |    42 |   127 ||   169
Dodge: Dodged            |    57 |    74 |   128 ||   259
Block: Buckler           |    17 |    46 |    79 ||   142

Table legend: (Time is in decaauts)
 A = Elapsed time spent in this place.
 B = Non-inter-level travel time spent in this place.
 C = Inter-level travel time spent in this place.
 D = Time resting spent in this place.
 E = Time spent auto-exploring this place.
 F = Levels seen in this place.
 G = Mean time per level.
                   A        B        C        D        E       F      G
               +--------+--------+--------+--------+--------+-----+--------+
         Total |   6641 |   6438 |    203 |    367 |   4711 |   9 |  737.9 |
       Dungeon |   6098 |   5932 |    166 |    367 |   4354 |   7 |  871.1 |
        Temple |    194 |    158 |     36 |      0 |    151 |   1 |  194.0 |
       Ossuary |    347 |    347 |      0 |      0 |    206 |   1 |  347.0 |
               +--------+--------+--------+--------+--------+-----+--------+

Top non-repeatable levels by time:
     D:4: 1279 daAuts
     D:3: 1274 daAuts
     D:1: 1051 daAuts
     D:2: 933 daAuts
     D:6: 780 daAuts
     D:5: 747 daAuts
 Ossuary: 347 daAuts
  Temple: 194 daAuts
     D:7: 30 daAuts
